Map: New Repugnancy LE

Players

TSGSolar (Solar)

  • Race: Zerg Zerg
  • League: Diamond
  • Spawn Location: 7:00

soO - Winner!

  • Race: Zerg Zerg
  • Spawn Location: 1:00

Event: HomeStory Cup XIX

VOD

Have the link to the VOD?

Description

Time

  • Played on: June 29, 2019, 2:32 p.m.
  • Length: 7:00

All games in this series

Show
View Real Time Build Order
Export as new Build Order

TSGSolar Zerg 

Build Orders: Hatch First 

Get SALT Encoding   

  12  0:01  Drone  
  13  0:12  Overlord  
  13  0:17  Drone  
  14  0:30  Drone x2  
  16  0:48  Hatchery  
  15  0:51  Drone  
  15  0:54  Drone  
  17  0:58  Drone  
  18  1:09  Extractor  
  17  1:14  Spawning Pool  
  17  1:16  Drone  
  17  1:20  Drone  
  18  1:28  Drone  
  19  1:39  Drone  
  20  1:51  Overlord  
  20  2:00  Queen x2  
  24  2:01  Drone x2  
  26  2:10  Metabolic Boost  
  26  2:12  Drone x2  
  28  2:22  Zergling x2, Drone  
  30  2:36  Hatchery  
  29  2:37  Drone  
  29  2:39  Drone  
  31  2:49  Drone  
  31  2:50  Evolution Chamber  
  31  2:51  Overlord  
  31  3:00  Zergling x4  
  31  3:05  Drone x2  
  35  3:12  Zergling x8, Drone x2  
  40  3:20  Overlord  
  40  3:21  Drone  
  41  3:33  Drone x2  
  43  3:44  Zerg Melee Weapons Level 1  
  43  3:45  Drone x4  
  47  3:49  Queen  
  47  3:50  Drone, Overlord  
  47  3:55  Zergling x6  
  53  3:56  Baneling Nest  
  53  4:00  Zergling x4  
  54  4:02  Overlord  
  54  4:11  Zergling x4  
  54  4:16  Zergling x2  
  54  4:17  Zergling x10  
  62  4:18  Zergling x2  
  63  4:25  Zergling x4  
  63  4:29  Overlord  
  65  4:34  Zergling x4  
  65  4:39  Zergling x2  
  65  4:42  Baneling  
  65  4:43  Baneling x5  
  65  4:44  Zergling x2  
  65  4:45  Zergling x8  
  71  4:50  Zergling x8  
  75  4:56  Overlord  
  75  5:01  Zergling x4  
  75  5:02  Baneling  
  75  5:03  Baneling  
  75  5:06  Overlord  
  77  5:12  Zergling x4  
  79  5:18  Zergling x20  
  89  5:28  Zergling x6  
  92  5:35  Drone x2  
  93  5:37  Hatchery  
  91  5:49  Zergling x2  
  93  5:50  Zergling x10  
  93  5:53  Overlord x2  
  93  5:56  Overlord  
  97  6:04  Baneling x7  
  97  6:06  Zergling x2  
  97  6:08  Overlord  
  98  6:12  Zergling x14  
  104  6:20  Zergling x2  
  104  6:26  Zergling x2  
  104  6:27  Zergling x14  
  111  6:37  Zergling x10  
Show
View Real Time Build Order
Export as new Build Order

soO Zerg - Winner!

Build Orders: Hatch First 

Get SALT Encoding   

  12  0:00  Drone  
  13  0:12  Overlord  
  13  0:17  Drone  
  14  0:30  Drone x2  
  16  0:47  Hatchery  
  15  0:50  Drone  
  15  0:55  Drone  
  17  0:58  Drone  
  18  1:09  Extractor  
  17  1:13  Spawning Pool  
  17  1:16  Drone  
  17  1:20  Drone  
  18  1:28  Drone  
  19  1:43  Drone  
  20  1:51  Overlord  
  20  1:56  Evolution Chamber  
  20  1:59  Queen x2  
  23  2:01  Drone  
  23  2:05  Drone  
  25  2:12  Drone  
  25  2:13  Drone  
  27  2:21  Drone  
  28  2:23  Drone  
  28  2:29  Zerg Ground Armor Level 1  
  29  2:32  Zergling x2  
  29  2:33  Drone  
  31  2:40  Queen  
  33  2:45  Overlord  
  33  2:47  Drone  
  34  2:55  Drone x2  
  36  3:06  Metabolic Boost  
  36  3:07  Drone x2  
  36  3:08  Drone  
  36  3:09  Drone x2  
  36  3:10  Drone  
  36  3:12  Drone  
  43  3:17  Overlord  
  43  3:23  Zergling x2  
  44  3:33  Roach Warren  
  43  3:37  Zergling x6  
  43  3:38  Evolution Chamber x2  
  44  3:42  Zergling x4  
  46  3:48  Zergling x12  
  51  3:55  Zergling x2  
  51  3:58  Overlord  
  53  4:04  Overlord  
  53  4:06  Lair  
  53  4:07  Overlord  
  53  4:12  Extractor x2  
  53  4:16  Drone  
  52  4:19  Zerg Missile Weapons Level 1  
  52  4:20  Drone  
  53  4:24  Drone  
  53  4:26  Drone x3  
  57  4:38  Drone x2  
  59  4:42  Roach x2  
  63  4:46  Roach x2  
  63  4:51  Roach  
  69  4:57  Roach  
  69  4:58  Roach x2  
  75  5:00  Overlord x2  
  75  5:02  Drone  
  76  5:07  Overlord  
  76  5:11  Glial Reconstitution  
  76  5:16  Overlord  
  76  5:19  Roach  
  76  5:20  Roach x2  
  82  5:25  Roach  
  84  5:29  Roach x2  
  84  5:30  Roach  
  92  5:35  Roach  
  92  5:36  Roach  
  92  5:37  Overlord  
  92  5:45  Roach x3  
  97  5:54  Roach  
  98  5:59  Roach x3  
  98  6:02  Roach  
  106  6:06  Roach  
  106  6:08  Hatchery  
  106  6:13  Overlord  
  106  6:14  Overlord  
  107  6:18  Roach  
  107  6:19  Baneling Nest  
  106  6:31  Overlord  
  106  6:32  Roach x2  
  110  6:36  Roach x4  
  110  6:39  Roach  
Tags
 
Add a new tag
Caveats
  • Supply blocks, unpowered buildings, or Contaminate may cause inaccurate times.
  • Supply counts are checked every 10 seconds.